 Dungeon Crawl Stone Soup version bcrawl-1.27.8b (webtiles) character file.

Game seed: 18108673578953376937

306132 LostNumber the Covert (level 9, 0/52 HPs)
             Began as a Mana Stalker Archaeologist on Nov 5, 2020.
             Was an Initiate of Nemelex Xobeh.
             Shot with an arrow by a centaur (2 damage)
             ... on level 6 of the Dungeon.
             The game lasted 00:10:28 (4670 turns).

LostNumber the Covert (Mana Stalker Archaeologist)  Turns: 4670, Time: 00:10:28

Health: 0/52       AC:  9    Str: 15    XL:     9   Next: 14%
Magic:  11/11      EV: 12    Int: 15    God:    Nemelex Xobeh [......]
Gold:   86         SH:  9    Dex: 14    Spells: 8/8 levels left

rFire    . . .     SeeInvis .   f - +4 rapier (speed)
rCold    . . .     Gourm    .   I - +2 buckler {rPois}
rNeg     . . .     Faith    .   p - +0 ring mail
rPois    +         Spirit   .   c - +1 hat
rElec    .         Reflect  +   H - +0 cloak
rCorr    .         Harm     .   (no gloves)
MR       +....                  D - +1 pair of boots
Stlth    +++.......             w - +2 amulet of reflection
HPRegen  0.57/turn              (no ring)
MPRegen  0.12/turn              (no ring)

@: no status effects
A: fangs 3, magic resistance 1, regeneration 1, antimagic bite, no potion heal
3, rot immunity, strong jaws
a: Draw Escape, Draw Destruction, Draw Summoning, Renounce Religion


You were on level 6 of the Dungeon.
You worshipped Nemelex Xobeh.
Nemelex Xobeh was noncommittal.
You were not hungry.

You visited 1 branch of the dungeon, and saw 6 of its levels.

You collected 345 gold pieces.
You spent 259 gold pieces at shops.

Inventory:

Hand Weapons
 a - a +0 whip
 f - a +4 rapier of speed (weapon)
   (You acquired it on level 2 of the Dungeon)
 j - a +0 dagger
   (You found it on level 1 of the Dungeon)
 A - a +2 dagger of speed
   (You took it off a goblin on level 3 of the Dungeon)
Armour
 b - a +1 robe
 c - a +1 hat (worn)
 p - a +0 ring mail (worn)
   (You found it on level 1 of the Dungeon)
 B - the +2 helmet of Servitude {MR++ Str+4 Dex+4 Slay-4}
   (You took it off Robin on level 3 of the Dungeon)

   It affects your strength (+4).
   It affects your dexterity (+4).
   It affects your accuracy and damage with ranged weapons and melee attacks
   (-4).
   It affects your resistance to hostile enchantments.
 D - a +1 pair of boots (worn)
 H - a +0 cloak (worn)
   (You found it on level 2 of the Dungeon)
 I - a +2 buckler of poison resistance (worn)
   (You bought it in a shop on level 4 of the Dungeon)
Jewellery
 u - an uncursed ring of poison resistance {unknown}
   (You found it on level 2 of the Dungeon)
 w - a +2 amulet of reflection (around neck)
   (You found it on level 2 of the Dungeon)
 C - a +2 ring of evasion {unknown}
   (You found it on level 6 of the Dungeon)
 E - an uncursed amulet of the acrobat {unknown}
   (You found it on level 4 of the Dungeon)
Wands
 d - a wand of iceblast (5)
   (You found it on level 4 of the Dungeon)
 x - a wand of acid (7)
   (You found it on level 4 of the Dungeon)
 K - a wand of random effects (10)
   (You found it on level 6 of the Dungeon)
Scrolls
 g - a scroll of magic mapping
 h - 2 scrolls of identify {@r1}
 i - 5 scrolls of remove curse {@r2}
 k - 2 scrolls of fog {unknown}
 q - 3 scrolls of noise {unknown}
 s - 2 scrolls of fear
 v - 4 scrolls of teleportation {@r4}
 y - a scroll of enchant armour {unknown}
 G - 3 scrolls of blinking {unknown}
Potions
 l - 2 potions of brilliance {unknown}
 m - a potion of haste {unknown}
 n - 2 potions of mutation {unknown}
 o - a potion of heal wounds {unknown}
 r - a potion of invisibility {unknown}
 t - 4 potions of curing {unknown}
 z - a potion of might {unknown}
 F - a potion of cancellation {unknown}
 J - a potion of agility {unknown}
Comestibles
 e - 10 rations {!d!d}


   Skills:
 + Level 4.4 Fighting
 * Level 6.1 Short Blades
 - Level 0.8 Maces & Flails
 + Level 5.7 Dodging
 + Level 8.0 Stealth
 + Level 2.6 Shields
 - Level 0.1 Unarmed Combat
 + Level 2.2 Invocations


You had 8 spell levels left.
You didn't know any spells.
Your spell library contained the following spells:

 Spells                   Type           Power        Failure   Level  Hunger
 Magic Dart               Conj           #...         75%         1    None
 Searing Ray              Conj           #.......     87%         2    ####...
 Iskenderun's Mystic Bla  Conj           #.......     98%         3    #####..
 Fulminant Prism          Conj/Hex       #.........   100%        4    ######.
 Irradiate                Conj/Tmut      #.........   100%        5    #######


Dungeon Overview and Level Annotations

Branches:
Dungeon (6/12)
 Temple: D:4-7

Altars:
Ashenzari
Nemelex Xobeh
Uskayaw
Vehumet
Wu Jian
Yredelemnul

Shops:
D:4 [

Annotations:
D:4 2 transporters


Innate Abilities, Weirdness & Mutations

You have razor-sharp teeth.
You are resistant to hostile enchantments. (MR+)
Your natural rate of healing is unusually fast.
Your bite disrupts and absorbs the magic of your enemies.
Potions cannot restore your health.
You are immune to rotting.
Your bites deal extra damage.


Message History

The arrow closely misses you.
The centaur shoots an arrow.
The arrow barely misses you.
The centaur shoots an arrow.
You reflect the arrow off an invisible shield around you!
The arrow hits the centaur.
You hear a shout!
The centaur shoots an arrow.
The arrow closely misses you.
The centaur shoots an arrow.
You reflect the arrow off an invisible shield around you!
The arrow hits the centaur!
A centaur comes into view.
The centaur shoots an arrow.
The arrow hits you!
The centaur shouts!
The centaur shoots an arrow.
You reflect the arrow off an invisible shield around you!
The arrow hits the centaur.
The centaur dies!
The centaur shoots an arrow.
The arrow hits you!
The centaur wields a +0 shortbow.
The centaur shoots an arrow.
The arrow hits you but does no damage.
The centaur shoots an arrow.
You reflect the arrow off an invisible shield around you!
The arrow hits the centaur.
The centaur shoots an arrow.
You reflect the arrow off an invisible shield around you!
The arrow hits the centaur!
The centaur shoots an arrow.
The arrow hits you but does no damage.
The centaur shoots an arrow.
The arrow hits you!
* * * LOW HITPOINT WARNING * * *
The centaur shoots an arrow.
The arrow hits you!
* * * LOW HITPOINT WARNING * * *
The centaur shoots an arrow.
The arrow hits you!
* * * LOW HITPOINT WARNING * * *
The centaur shoots an arrow.
You reflect the arrow off an invisible shield around you!
The arrow hits the centaur.
The centaur shoots an arrow.
The arrow hits you.
* * * LOW HITPOINT WARNING * * *
The centaur shoots an arrow.
You reflect the arrow off an invisible shield around you!
The arrow hits the centaur!
The centaur dies!
Your Stealth skill increases to level 8!
The centaur shoots an arrow.
The arrow hits you but does no damage.
The centaur shoots an arrow.
You reflect the arrow off an invisible shield around you!
The arrow hits the centaur.
The centaur wields a +0 shortbow of velocity.
The centaur shoots an arrow.
You reflect the arrow off an invisible shield around you!
The arrow hits the centaur.
The centaur shoots an arrow.
The arrow hits you.
You die...
Your body disappears without a glow.

### ### #.# #... #.##
#...## #..# ###
#....#####).## ...###
#...##.##...####.#....
#...##[#....[@#.......
####..............≈≈≈≈...
#................≈≈≈≈≈≈≈≈
.............≈≈≈≈≈≈≈≈≈≈≈≈
..........≈≈≈≈≈≈≈≈≈≈≈≈≈≈≈
.........≈≈≈≈≈≈≈≈≈≈≈≈≈c.≈
.........≈≈≈≈≈≈≈≈≈≈≈c)...
....###..≈≈≈≈≈≈≈≈≈≈cc....
...## ###≈≈≈≈≈≈≈≈≈≈..#'#.


You could see 4 centaurs.

Vanquished Creatures
  A hungry ghost (D:6)
  3 ice beasts
  A hornet zombie (D:6)
  An ogre (D:4)
  2 centaurs (D:6)
  2 bullfrogs
  2 scorpions (D:4)
  A howler monkey (D:4)
  A crimson imp (D:6)
  A bullfrog zombie (D:5)
  2 hounds
  3 orc priests (D:5)
  A jelly (D:2)
  2 bullfrog skeletons (D:4)
  Terence (D:2)
  3 orc wizards
  2 worker ants
  2 hound skeletons (D:4)
  Robin (D:3)
  4 adders
  A gnoll (D:5)
  A shadow imp (D:6)
  8 oozes (D:2)
  An adder skeleton (D:5)
  4 worms
  2 dart slugs
  7 leopard geckos
  14 orcs
  A giant cockroach (D:2)
  8 goblins
  5 hobgoblins
  5 jackals
  2 quokkas (D:5)
  3 bats
  4 frilled lizards
  16 kobolds
  A quokka skeleton (D:4)
  5 rats (D:1)
124 creatures vanquished.

Vanquished Creatures (others)
  2 centaurs (D:6)
  2 fungi (D:2)
  9 toadstools (D:2)
13 creatures vanquished.

Grand Total: 137 creatures vanquished

Notes
Turn   | Place    | Note
-------+----------+-------------------------------------------
     0 | D:1      | LostNumber the Vine Stalker Archaeologist began the quest
                  | for the Orb.
     0 | D:1      | Reached XP level 1. HP: 11/11 MP: 2/2
    67 | D:1      | Reached skill level 1 in Fighting
   140 | D:1      | Reached XP level 2. HP: 16/16 MP: 3/3
   237 | D:1      | Reached skill level 1 in Short Blades
  1046 | D:2      | Reached XP level 3. HP: 14/20 MP: 4/4
  1398 | D:2      | Noticed Terence
  1437 | D:2      | Killed Terence
  1437 | D:2      | Reached XP level 4. HP: 19/26 MP: 5/5
  1934 | D:2      | Reached skill level 5 in Stealth
  1945 | D:2      | Reached XP level 5. HP: 22/30 MP: 6/6
  1945 | D:2      | Identified a scroll of acquirement
  2116 | D:2      | Identified the +0 pair of gloves of Loss {rElec rPois} (You
                  | acquired it on level 2 of the Dungeon)
  2116 | D:2      | Identified the ring "Waomp" {Ice *Drain Str+4 Dex+3} (You
                  | acquired it on level 2 of the Dungeon)
  2492 | D:3      | Identified the +2 helmet of Servitude {MR++ Str+4 Dex+4
                  | Slay-4}
  2492 | D:3      | Noticed Robin
  2513 | D:3      | Killed Robin
  2859 | D:4      | Gained mutation: You have razor-sharp teeth. [Vine Stalker
                  | growth]
  2859 | D:4      | Reached XP level 6. HP: 36/36 MP: 7/7
  3058 | D:4      | Reached skill level 6 in Stealth
  3058 | D:4      | Reached XP level 7. HP: 40/40 MP: 8/8
  3081 | D:4      | Noticed a manticore
  3082 | D:4      | Found a hide-covered altar of Uskayaw.
  3082 | D:4      | Noticed a troll
  3084 | D:4      | Noticed a hornet
  3085 | D:4      | Found a basalt altar of Yredelemnul.
  3087 | D:4      | Noticed a two-headed ogre
  3149 | D:4      | Found a transporter.
  3155 | D:4      | Found a transporter.
  3181 | D:4      | Found Voijez's Armour Shoppe.
  3300 | D:4      | Bought a +2 buckler of poison resistance for 259 gold
                  | pieces
  3383 | D:5      | Entered Level 5 of the Dungeon
  3761 | D:5      | Gained mutation: Your bite disrupts and absorbs the magic
                  | of your enemies. [Mana Stalker growth]
  3761 | D:5      | Gained mutation: You are resistant to hostile enchantments.
                  | (MR+) [Mana Stalker growth]
  3761 | D:5      | Reached XP level 8. HP: 41/46 MP: 8/9
  3810 | D:5      | Reached skill level 1 in Shields
  3811 | D:5      | Found an ornate altar of the Wu Jian Council.
  3934 | D:5      | Reached skill level 5 in Short Blades
  3947 | D:5      | Found a sparkling altar of Nemelex Xobeh.
  3955 | D:5      | Reached skill level 5 in Dodging
  3955 | D:5      | Reached skill level 7 in Stealth
  4066 | D:5      | Became a worshipper of Nemelex Xobeh the Trickster
  4165 | D:6      | Reached skill level 1 in Invocations
  4247 | D:6      | Received a gift from Nemelex Xobeh
  4488 | D:6      | Found a radiant altar of Vehumet.
  4492 | D:6      | Found a shattered altar of Ashenzari.
  4547 | D:6      | Reached XP level 9. HP: 52/52 MP: 11/11
  4669 | D:6      | HP: 2/52 [centaur/arrow (5)]
  4669 | D:6      | Reached skill level 8 in Stealth
  4670 | D:6      | Shot with an arrow by a centaur

Skill      XL: |  1  2  3  4  5  6  7  8  9 |
---------------+----------------------------+-----
Fighting       | 1 2 3 4 |  4.4
Short Blades   | 1 2 3 4 5 6 |  6.1
Stealth        | 5 6 7 8 |  8.0
Dodging        | 4 5 |  5.7
Shields        | 2 |  2.6
Invocations    | 2 |  2.2
Maces & Flails | |  0.8
Unarmed Combat | |  0.1

Action                   |  1- 3 |  4- 6 |  7- 9 || total
-------------------------+-------+-------+-------++-------
Melee: Dagger            |   130 |   138 |       ||   268
       Whip              |     3 |       |       ||     3
       Bite              |    19 |    28 |    25 ||    72
       Rapier            |       |   132 |   144 ||   276
  Use: Scroll            |       |     1 |     9 ||    10
 Stab: Sleeping          |     5 |     4 |     8 ||    17
       Distracted        |       |       |     1 ||     1
  Eat: Chunk             |     4 |    11 |     9 ||    24
Armor: Robe              |     9 |       |       ||     9
       Ring mail         |    27 |   119 |    29 ||   175
Dodge: Dodged            |    58 |   167 |    59 ||   284
Block: Buckler           |       |       |    41 ||    41
       Reflection        |       |       |    14 ||    14
